Unix NetHack Version 3.7.0-53 Work-in-progress - last build Apr 18 2022 03:42:42 (02b85442fffe0e2954e411e09df771b56fe27bbc,branch:master). Game began 2022-04-14 23:29:43, ended 2022-06-07 13:09:56. Gandelf, neutral male human Monk ------- ------- |.....|-- |..|.>| |.....+.| |%....| --|.....|-| |.--.--- |.+.....+.| --.|...0---- |.|.....|-| --..|.0.....| |.|.....+.| |...|---....| |.|.....|-- |0..|..|....| |.|------ |...|.......| |.| --......|....-- |.| |.00.|..|.....| |.| |..0.|--|0...%| |.| |...-- --.|..| |.| ----- |.---- |.-------------------Y.| |..^^^^^............@..| ------------------------ Gandelf the Initiate St:17 Dx:14 Co:15 In:13 Wi:14 Ch:9 Neutral S:12413 Dlvl:4 $:0 HP:0(70) Pw:40(45) AC:7 Xp:9/2998 T:8177 Latest messages: The runed arrow hits the floating eye. The runed arrow misses the floating eye. The runed arrow hits the floating eye. The runed arrow hits the floating eye. The runed arrow misses the floating eye. You don't have that object. You kill the floating eye! w - 3 runed arrows (in quiver). B - an uncursed dart. With great effort you move the boulder. The boulder falls into and plugs a hole in the floor! You hit the gargoyle! You miss the gargoyle. The gargoyle hits! The gargoyle hits! The gargoyle bites! You miss the gargoyle. You miss the gargoyle. The gargoyle hits! The gargoyle hits! The gargoyle bites! You hit the gargoyle! You miss the gargoyle. The gargoyle hits! The gargoyle hits! The gargoyle bites! You hit the gargoyle! The gargoyle turns to flee. You hit the gargoyle! You kill the gargoyle! With great effort you move the boulder. With great effort you move the boulder. You try to move the boulder, but in vain. The boulder falls into and plugs a hole in the floor! The sasquatch hits! The sasquatch hits! The sasquatch kicks! You hit the sasquatch! The sasquatch hits! The sasquatch hits! The sasquatch kicks! You hit the sasquatch! In what direction? , The magical energy is released! The sasquatch looks better. The sasquatch hits! The sasquatch hits! The sasquatch kicks! You die... Do you want your possessions identified? [ynq] (y) q Major events: Turn 1: Gandelf the neutral male human Monk entered the dungeon 216: attained the rank of Novice (level 3) 585: entered the Gnomish Mines 926: reached Mine Town 1271: attained the rank of Initiate (level 6) 3173: destroyed Dewzmint's ghost, the former Acolyte 4299: consulted the Oracle 5321: entered Sokoban 5649: completed sokoban 1 6609: completed sokoban 2 7126: completed sokoban 3 8177: killed by a sasquatch Inventory: Weapons w - 3 +0 elven arrows (in quiver) B - a +0 dart Armor W - a blessed very rusty +1 helm of brilliance a - an uncursed +2 pair of leather gloves (being worn) E - a cursed thoroughly rusty -1 pair of iron shoes b - an uncursed +1 robe Comestibles g - 4 uncursed apples C - a cursed clove of garlic q - 3 uncursed food rations o - 2 uncursed fortune cookies h - 5 uncursed oranges m - an uncursed tripe ration u - an uncursed egg k - an uncursed lizard corpse Scrolls j - a cursed scroll of earth v - an uncursed scroll of remove curse f - an uncursed scroll of teleportation Potions K - an uncursed potion of fruit juice Rings p - an uncursed ring of conflict t - an uncursed -4 ring of gain strength s - an uncursed ring of shock resistance (on right hand) i - an uncursed ring of sustain ability A - a cursed ring of warning Wands U - a wand of cold (0:5) D - a wand of magic missile (0:2) n - a wand of make invisible (0:8) Q - a wand of striking (0:7) l - a wand of striking (0:5) M - a wand of undead turning (0:7) Tools P - an uncursed credit card y - an uncursed leash T - an uncursed lock pick R - a cursed magic lamp O - a magic marker (0:58) z - an uncursed oil lamp c - a cursed oil lamp d - a +0 pick-axe J - an uncursed skeleton key X - an uncursed towel Gems/Stones e - 20 uncursed rocks Gandelf the Monk's attributes: Background: You were an Initiate, a level 9 male human Monk. You were neutral, on a mission for Chih Sung-tzu who was opposed by Shan Lai Ching (lawful) and Huan Ti (chaotic). You were in Sokoban, on level 4. You entered the dungeon 8177 turns ago. You had 2998 experience points, 2122 more were needed to attain level 10. Your score was 12413 before end-of-game adjustments. Basics: You had 0 out of 70 hit points. You had 40 out of 45 energy points (spell power). Your armor class was 7. Your wallet was empty. Autopickup was off. Final Characteristics: Your strength was 17 (peak:18, limit:18/100). Your dexterity was 14 (limit:18). Your constitution was 15 (limit:18). Your intelligence was 13 (limit:18). Your wisdom was 14 (limit:18). Your charisma was 9 (limit:18). Final Status: You were not hungry. You were unencumbered. You were empty handed. You were skilled in martial arts and could have enhanced that. Final Attributes: You were piously aligned. You were sleep resistant. You were shock resistant. Your items were protected from electric shocks. You were poison resistant. You saw invisible. You were warned. You had automatic searching. You were stealthy. You were fast. You are dead. Miscellaneous: You encountered 2 bones levels. Total elapsed playing time was 1 hour, 24 minutes and 54 seconds. Vanquished creatures: a ghost 2 giant mimics 4 small mimics a troll a gargoyle a dwarf ruler 2 tengu 2 pythons 2 soldiers 2 amorous demons a chameleon 2 giant beetles 2 quivering blobs a spotted jelly a leprechaun a giant spider a black light a vampire bat an ogre 2 rust monsters 2 owlbears a lizard a chickatrice a dingo 2 jaguars a raven a snake a soldier ant an imp an orc shaman 2 rock piercers a rock mole a yellow light a shrieker a violet fungus 4 gnome leaders 3 gnomish wizards a kobold mummy 2 gray oozes 2 giant ants a little dog 4 floating eyes a kitten 7 dwarves a kobold leader 4 kobold shamans a rothe a giant bat 2 wererats a werejackal 5 iguanas 4 killer bees 2 acid blobs a coyote 9 manes a large kobold 2 giant rats 2 cave spiders a brown mold a yellow mold 2 red molds 15 gnomes 3 geckos a jackal 2 kobolds 6 sewer rats 13 grid bugs 3 lichens a kobold zombie 2 newts 160 creatures vanquished. No species were genocided or became extinct. Voluntary challenges: You followed a strict vegan diet. You never hit with a wielded weapon. You read items or engraved 4 times. You never engraved Elbereth. You never genocided any monsters. You never polymorphed an object. You never changed form. You used no wishes. You did not violate any of the special Sokoban rules. Achievements: You entered a shop. You attained the rank of Novice. You entered the Gnomish Mines. You entered Minetown. You entered a temple. You attained the rank of Initiate. You consulted the Oracle of Delphi. You entered Sokoban. The Dungeons of Doom: levels 1 to 9 Level 1: Level 2: A general store. Stairs down to The Gnomish Mines. Level 3: A fountain, a sink. Level 4: A general store, a fountain. Level 5: A fountain. Final resting place for Dewzmint-Pri-Hum-Mal-Law, killed by a rock mole, while frozen by a floating eye's gaze. Level 6: Level 7: Many fountains. Oracle of Delphi. Level 8: A general store. Stairs up to Sokoban, level 7. Level 9: The Gnomish Mines: levels 3 to 6 Level 3: Level 4: Level 5: Many shops, a temple, some fountains. Level 6: Final resting place for spontiff-Hea-Gno-Mal-Neu, killed by a land mine. Sokoban: levels 7 up to 4 Level 4: <- You were here. Unsolved. Final resting place for you, killed by a sasquatch. Level 5: Solved. Level 6: Solved. Level 7: Solved. Game over: ---------- / \ / REST \ / IN \ / PEACE \ / \ | Gandelf | | 0 Au | | killed by a | | sasquatch | | | | | | 2022 | *| * * * | * _________)/\\_//(\/(/\)/\//\/|_)_______ Goodbye Gandelf the Monk... You died in Sokoban on dungeon level 4 with 12413 points, and 0 pieces of gold, after 8177 moves. You were level 9 with a maximum of 70 hit points when you died.